 Dungeon Sprint DCSS version 0.28.0-53-g5a82cb258f (webtiles) character file.

Game seed: 5557679025193125142

34599 Groucho the Champion of Chaos (level 13, -10/140 HPs)
             Began as a Deep Dwarf Fighter on Aug 20, 2022.
             Was the Champion of Makhleb.
             Mangled by a merfolk impaler
             ... wielding a +2 demon trident of electrocution
              (13 damage)
             ... in the Dungeon (Sprint IX: "|||||||||||||||||||||||||||||").
             The game lasted 00:14:13 (2979 turns).

Groucho the Champion of Chaos (Deep Dwarf Fighter)  Turns: 2979, Time: 00:14:13

Health: -10/140    AC: 29    Str: 26    XL:     13   Next: 43%
Magic:  19/19      EV:  8    Int: 10    God:    Makhleb [******]
Gold:   481        SH: 21    Dex: 12    Spells: 12/12 levels left

rFire   + . .      SeeInvis .   m - +3 war axe "Saumm" {flame, rN+ Int+2}
rCold   . . .      Faith    .   A - +1 tower shield
rNeg    + . .      Spirit   .   C - +4 plate armour {rF+}
rPois   .          Reflect  .   (no helmet)
rElec   .          Harm     .   (no cloak)
rCorr   .          Rampage  .   b - +0 pair of gloves
Will    +....      NoTele   +   B - +1 pair of boots
Stlth   ..........              (no amulet)
HPRegen 0.00/turn               t - +4 ring of slaying
MPRegen 0.16/turn               p - +2 ring of protection

@: studying Short Blades
A: damage resistance, heal wounds, sense surroundings 2, no regeneration
a: Heal Wounds, Renounce Religion, Minor Destruction, Lesser Servant of Makhleb,
Major Destruction, Greater Servant of Makhleb


You were in the Dungeon.
You worshipped Makhleb.
Makhleb was exalted by your worship.
You visited 1 branch You collected 1919 gold pieces.
You spent 1438 gold pieces at shops.

Inventory:

Hand Weapons
 m - the +3 war axe "Saumm" (weapon) {flame, rN+ Int+2}
   (You found it in the Dungeon)

   It burns those it strikes, dealing additional fire damage.
   Big, fiery blades are also staple armaments of hydra-hunters.
   Int:       It affects your intelligence (+2).
   rN:        It protects you from negative energy.
 z - a +3 broad axe
Missiles
 x - 5 javelins (quivered)
Armour
 b - a +0 pair of gloves (worn)
 A - a +1 tower shield (worn)
 B - a +1 pair of boots (worn)
 C - a +4 plate armour of fire resistance (worn)
Jewellery
 o - a +3 ring of dexterity
 p - a +2 ring of protection (right hand)
 t - a +4 ring of slaying (left hand)
 y - an amulet of faith
Wands
 l - a wand of acid (12)
Scrolls
 c - 2 scrolls of enchant weapon
 j - 3 scrolls of blinking
 k - 2 scrolls of amnesia
 q - a scroll of fog
 r - 3 scrolls of identify
 s - 3 scrolls of fear
Potions
 a - a potion of berserk rage
 d - 2 potions of might
 e - 9 potions of curing
 f - 2 potions of brilliance
 g - 2 potions of haste
 h - 4 potions of magic
 i - 2 potions of invisibility
 u - 2 potions of mutation
 v - 2 potions of lignification


   Skills:
 * Level 15.7 Fighting
 - Level 18.1 Axes
 + Level 5.7 Throwing
 * Level 18.5 Armour
 * Level 2.9 Dodging
 * Level 18.5 Shields
 + Level 18.9 Invocations


You had 12 spell levels left.
You didn't know any spells.
Your spell library was empty.

Dungeon Overview and Level Annotations

Branches:
Dungeon (1/1)

Altars:
Cheibriados
Dithmenos
Elyvilon
Fedhas
Gozag
Hepliaklqana
Kikubaaqudgha
Makhleb
Nemelex Xobeh
Okawaru
Qazlal
Ru
Sif Muna
Trog
Uskayaw
Vehumet
Wu Jian
Xom
Yredelemnul
Zin
The Shining One
Beogh
Jiyva
Lugonu

Shops:
D !=?*


Innate Abilities, Weirdness & Mutations

You are resistant to damage.
You can heal yourself by infusing magical energy.
You passively map the area around you.
You do not regenerate.


Message History

The merfolk impaler completely misses you.
The merfolk javelineer throws a silver javelin.
The silver javelin pierces through you but does no damage.
The merfolk impaler hits you from afar with a +2 demon trident of electrocution.
Things that are here:
3 large rocks; a sea snake corpse; a snapping turtle corpse You barely miss the merfolk javelineer.
You block the merfolk impaler's attack.
The merfolk javelineer throws a silver javelin.
The silver javelin pierces through you!
You miss the merfolk javelineer. You block the merfolk impaler's attack.
Unknown command.
You slice the merfolk javelineer!! You burn the merfolk javelineer.
The merfolk javelineer is moderately wounded.
The merfolk impaler hits you but does no damage.
The merfolk javelineer throws a silver javelin.
The silver javelin pierces through you! You block the merfolk impaler's attack.
You miss the merfolk javelineer.
The merfolk javelineer is moderately wounded.
The merfolk javelineer throws a silver javelin.
The silver javelin pierces through you!
The merfolk impaler hits you but does no damage.
You are electrocuted!
You hit the merfolk javelineer. You burn the merfolk javelineer.
The merfolk javelineer is heavily wounded.
The merfolk impaler hits you but does no damage.
You are electrocuted!!
* * * LOW HITPOINT WARNING * * *
The merfolk javelineer throws a silver javelin.
The silver javelin pierces through you!
* * * LOW HITPOINT WARNING * * *
The merfolk impaler hits you from afar with a +2 demon trident of electrocution!
* * * LOW HITPOINT WARNING * * *
You feel much better. You block the merfolk impaler's attack.
The merfolk javelineer throws a silver javelin.
The silver javelin pierces through you!
* * * LOW HITPOINT WARNING * * *
The merfolk impaler hits you from afar with a +2 demon trident of electrocution!
* * * LOW HITPOINT WARNING * * *
You are electrocuted!
You die...

.▓.▓.▓.▓)▓.▓)▓.▓+*,*,*,*,*,*,*,*,
)▓.▓†▓.▓)▓.▓)▓.▓.▓,*,*,*,*,*,*,*,
.▓.▓†▓.▓)▓.▓.▓.▓.▓,*,*,*,*,*,*,*,
.▓.▓†▓.▓)▓.▓'▓.▓.▓,*,*,*,*,*,*,*,
'▓.▓'▓.▓)▓.▓.▓.▓.▓,*,*,*,*,*,*,*,
_▓.▓.▓.▓)▓.▓.▓.▓m▓,*,*,*,*,*,*,*,
_▓.▓.▓.▓.▓.▓.▓.▓m▓,*,*,*,*,*,*,*,
_▓.▓.▓.▓.▓)▓.▓.▓m▓,*,*,*,*,*,*,*,
_▓.▓.▓.▓.▓.▓†▓.▓@▓,*,*,*,*,*,*,*,
_▓.▓.▓.▓.▓.▓.▓[▓)▓,*+*,*,*,*,*,*+
_▓.▓.▓.▓.▓.▓.▓.▓'▓,*,*,*,*,*+*,*,
_▓.▓.▓.▓.▓.▓.▓.♣.♣,*,*,*,*,*,*,*,
_▓.▓.▓.▓.▓.▓.▓.♣.♣,*,*,*,*,*,*,*,
_▓.▓.▓.▓)▓.▓.▓.♣.♣,*,*,*,*,*,*,*,
_▓.▓†▓.▓)▓.▓.▓.♣.♣,*,*,*,*,*,*,*,
_▓.▓.▓.▓)▓.▓[▓.♣.♣,*,*,*,*,*,*,*,
_▓.▓.▓.▓)▓.▓[▓.♣÷♣,*,*,*,*,*,*,*,


You could see a merfolk impaler, a merfolk javelineer and a merfolk.

Vanquished Creatures
  A stone giant (D)
  A bunyip (D)
  2 ettins (D)
  Snorg (D)
  Josephine (D)
  2 hydras (D)
  A ghost crab (D)
  An ice dragon (D)
  2 centaur warriors (D)
  Urug (D)
  A skeletal warrior (D)
  A sea snake (D)
  2 orb spiders (D)
  A steelbarb worm (D)
  2 bog bodies (D)
  2 orc knights (D)
  A harpy (D)
  5 lindwurms (D)
  10 orc sorcerers (D)
  2 ugly things (D)
  A cyclops (D)
  A moth of wrath (D)
  A wolf spider (D)
  A will-o-the-wisp (D)
  A merfolk siren (D)
  Joseph (D)
  A black mamba (D)
  A gargoyle (D)
  3 cane toads (D)
  2 komodo dragons (D)
  A demonic crawler (D)
  A yaktaur (D)
  A tengu conjurer (D)
  A hornet (D)
  2 tyrant leeches (D)
  A tarantella (D)
  A snapping turtle (D)
  A water elemental (D)
  A culicivora (D)
  A spriggan (D)
  5 wraiths (D)
  4 yaks (D)
  A basilisk (D)
  A redback (D)
  4 water moccasins (D)
  13 orc warriors (D)
  2 wolves (D)
  An ogre (D)
  A centaur (D)
  2 bullfrogs (D)
  A gnoll sergeant (D)
  A scorpion (D)
  A wight (D)
  3 orc priests (D)
  5 orc wizards (D)
  A shadow imp (D)
  2 worms (D)
  8 orcs (D)
  A giant cockroach (D)
  A hobgoblin (D)
  A bat (D)
  2 rats (D)
125 creatures vanquished.

Vanquished Creatures (collateral kills)
  A fire dragon (D)
  A boulder beetle (D)
  An ice dragon (D)
  A centaur warrior (D)
  A vampire mage (D)
  An ugly thing (D)
6 creatures vanquished.

Vanquished Creatures (others)
  An eleionoma (D)
  An ice dragon (D)
  A will-o-the-wisp (D)
  A foxfire (D)
4 creatures vanquished.

Grand Total: 135 creatures vanquished

Notes
Turn   | Place    | Note
-------+----------+-------------------------------------------
     0 | D        | Groucho the Deep Dwarf Fighter began the quest for the Orb.
     0 | D        | Reached XP level 1. HP: 20/20 MP: 1/1
    48 | D        | Noticed an ogre
    48 | D        | Noticed a scorpion
    53 | D        | Reached XP level 2. HP: 21/28 MP: 2/2
    58 | D        | Killed a scorpion
    59 | D        | Reached skill level 5 in Armour
    59 | D        | Reached skill level 5 in Shields
    59 | D        | Reached XP level 3. HP: 37/37 MP: 3/3
    59 | D        | Reached XP level 4. HP: 45/45 MP: 4/4
    60 | D        | Killed an ogre
    61 | D        | Reached skill level 5 in Fighting
    61 | D        | Reached XP level 5. HP: 52/52 MP: 5/5
   513 | D        | Found a snail-covered altar of Cheibriados.
   513 | D        | Found a shadowy altar of Dithmenos.
   513 | D        | Found a white marble altar of Elyvilon.
   513 | D        | Found a blossoming altar of Fedhas.
   513 | D        | Found an opulent altar of Gozag.
   514 | D        | Found a hazy altar of Hepliaklqana.
   515 | D        | Found a viscous altar of Jiyva.
   516 | D        | Found an ancient bone altar of Kikubaaqudgha.
   517 | D        | Found a corrupted altar of Lugonu.
   518 | D        | Found a burning altar of Makhleb.
   519 | D        | Found a sparkling altar of Nemelex Xobeh.
   520 | D        | Found an iron altar of Okawaru.
   521 | D        | Found a stormy altar of Qazlal.
   522 | D        | Found a sacrificial altar of Ru.
   523 | D        | Found a shimmering blue altar of Sif Muna.
   524 | D        | Found a bloodstained altar of Trog.
   525 | D        | Found a hide-covered altar of Uskayaw.
   526 | D        | Became a worshipper of Makhleb the Destroyer
   527 | D        | Found a radiant altar of Vehumet.
   528 | D        | Found an ornate altar of the Wu Jian Council.
   529 | D        | Found a shimmering altar of Xom.
   530 | D        | Found a basalt altar of Yredelemnul.
   531 | D        | Found a glowing silver altar of Zin.
   532 | D        | Found a glowing golden altar of the Shining One.
   552 | D        | Got the +3 war axe "Saumm" {flame, rN+ Int+2}
   583 | D        | Noticed an orc warrior
   583 | D        | Noticed an orc warrior
   583 | D        | Noticed a yak
   583 | D        | Noticed a yak
   590 | D        | Killed a yak
   591 | D        | Reached XP level 6. HP: 34/62 MP: 5/9
   597 | D        | Killed a yak
   597 | D        | Reached * piety under Makhleb
   598 | D        | Reached skill level 5 in Invocations
   603 | D        | Killed an orc warrior
   604 | D        | Reached XP level 7. HP: 33/72 MP: 6/11
   607 | D        | Reached ** piety under Makhleb
   754 | D        | Noticed a gargoyle
   754 | D        | Noticed a cyan ugly thing
   754 | D        | Noticed a red ugly thing
   754 | D        | Noticed a basilisk
   754 | D        | Noticed a wraith
   765 | D        | Killed a cyan ugly thing
   766 | D        | Reached XP level 8. HP: 51/81 MP: 11/13
   771 | D        | Killed a cyan ugly thing
   772 | D        | Reached skill level 10 in Axes
   772 | D        | Reached skill level 10 in Armour
   772 | D        | Reached skill level 10 in Shields
   774 | D        | Reached *** piety under Makhleb
   778 | D        | Reached skill level 10 in Invocations
   784 | D        | Killed a gargoyle
   785 | D        | Gained mutation: You passively map the area around you.
                  | [Deep Dwarf growth]
   785 | D        | Reached XP level 9. HP: 41/91 MP: 13/15
  1233 | D        | Noticed a komodo dragon
  1233 | D        | Noticed a cane toad
  1233 | D        | Noticed a cane toad
  1236 | D        | Killed a cane toad
  1238 | D        | Reached **** piety under Makhleb
  1243 | D        | Noticed a cane toad
  1251 | D        | Killed a cane toad
  1252 | D        | Reached skill level 10 in Fighting
  1256 | D        | Killed a komodo dragon
  1257 | D        | Reached ***** piety under Makhleb
  1263 | D        | Killed a cane toad
  1277 | D        | Noticed a five-headed hydra
  1277 | D        | Noticed a komodo dragon
  1277 | D        | Noticed a lindwurm
  1279 | D        | Reached XP level 10. HP: 74/103 MP: 18/18
  1281 | D        | Noticed a black mamba
  1286 | D        | Killed a lindwurm
  1305 | D        | Killed a one-headed hydra
  1315 | D        | Killed a black mamba
  1315 | D        | Reached ****** piety under Makhleb
  1329 | D        | Noticed a lindwurm
  1329 | D        | Noticed a lindwurm
  1330 | D        | Noticed a lindwurm
  1343 | D        | Killed a lindwurm
  1343 | D        | Noticed a lindwurm
  1355 | D        | Killed a lindwurm
  1387 | D        | Killed a lindwurm
  1394 | D        | HP: 2/106 [lindwurm/blast of flame (29)]
  1404 | D        | Killed a lindwurm
  1405 | D        | Reached XP level 11. HP: 66/114 MP: 20/20
  1447 | D        | Noticed Joseph
  1458 | D        | Killed Joseph
  1540 | D        | Noticed an orc knight
  1549 | D        | Killed an orc knight
  1554 | D        | Reached skill level 15 in Invocations
  1598 | D        | Noticed an orc knight
  1600 | D        | Noticed an ettin
  1613 | D        | Killed an orc knight
  1619 | D        | Killed an ettin
  1909 | D        | Found Meuwumn's General Store.
  1909 | D        | Noticed an orc sorcerer
  1909 | D        | Noticed an orc sorcerer
  1909 | D        | Noticed an orc sorcerer
  1910 | D        | Noticed an orc sorcerer
  1912 | D        | Noticed a sixfirhy
  1913 | D        | Killed an orc sorcerer
  1917 | D        | Found Lemnidgha's Magic Scroll Shop.
  1919 | D        | Noticed an orc sorcerer
  1924 | D        | Killed an orc sorcerer
  1925 | D        | Found Ocasakhi's Jewellery Boutique.
  1927 | D        | Noticed a sixfirhy
  1927 | D        | Noticed an orc sorcerer
  1928 | D        | Killed an orc sorcerer
  1929 | D        | Reached skill level 15 in Armour
  1929 | D        | Reached skill level 15 in Shields
  1932 | D        | Noticed an orc sorcerer
  1932 | D        | Killed an orc sorcerer
  1938 | D        | Noticed a sixfirhy
  1941 | D        | Killed an orc sorcerer
  1942 | D        | Reached skill level 15 in Axes
  1942 | D        | Noticed a soul eater
  1942 | D        | Found Oha Ikyd's Distillery.
  1944 | D        | Killed an orc sorcerer
  1944 | D        | Noticed an orc sorcerer
  1951 | D        | Noticed an orc sorcerer
  1952 | D        | Killed an orc sorcerer
  1952 | D        | Killed an orc sorcerer
  1955 | D        | Noticed an orc sorcerer
  1957 | D        | Killed an orc sorcerer
  1960 | D        | Killed an orc sorcerer
  1979 | D        | Bought a +4 ring of slaying for 1092 gold pieces
  1983 | D        | Bought a potion of curing for 33 gold pieces
  1983 | D        | Bought a potion of mutation for 88 gold pieces
  1983 | D        | Bought 2 potions of lignification for 66 gold pieces
  1983 | D        | Bought a potion of might for 44 gold pieces
  1983 | D        | Bought a potion of curing for 33 gold pieces
  1983 | D        | Bought a potion of curing for 33 gold pieces
  1988 | D        | Bought a scroll of magic mapping for 49 gold pieces
  2057 | D        | Noticed Josephine
  2071 | D        | Killed Josephine
  2072 | D        | Reached XP level 12. HP: 87/126 MP: 19/19
  2133 | D        | Noticed Urug
  2144 | D        | Killed Urug
  2311 | D        | Noticed a centaur warrior
  2311 | D        | Noticed a centaur warrior
  2311 | D        | Noticed a centaur warrior
  2311 | D        | Noticed a boulder beetle
  2325 | D        | Noticed an ice dragon
  2328 | D        | Killed a centaur warrior
  2329 | D        | Reached skill level 1 in Throwing
  2329 | D        | Noticed a vampire mage
  2329 | D        | Killed a boulder beetle
  2332 | D        | Killed a centaur warrior
  2340 | D        | Noticed an ettin
  2345 | D        | Killed a centaur warrior
  2350 | D        | Noticed a fire dragon
  2359 | D        | Noticed an ice dragon
  2368 | D        | Killed a vampire mage
  2368 | D        | Killed a fire dragon
  2369 | D        | Killed an ice dragon
  2369 | D        | Noticed an ice dragon
  2370 | D        | Noticed a stone giant
  2371 | D        | Killed an ettin
  2377 | D        | Killed an ice dragon
  2385 | D        | Killed an ice dragon
  2399 | D        | Killed a stone giant
  2452 | D        | Noticed Snorg
  2462 | D        | Killed Snorg
  2625 | D        | Reached XP level 13. HP: 103/136 MP: 19/19
  2629 | D        | Reached skill level 15 in Fighting
  2655 | D        | Noticed an eleionoma
  2669 | D        | Noticed a bunyip
  2676 | D        | Killed an eleionoma
  2677 | D        | Reached skill level 5 in Throwing
  2678 | D        | Killed a bunyip
  2963 | D        | Reached skill level 1 in Dodging
  2963 | D        | Noticed a merfolk impaler
  2964 | D        | Noticed a merfolk javelineer
  2979 | D        | HP: 3/140 [merfolk impaler/+2 demon trident of
                  | electrocution (12)]
  2979 | D        | Mangled by a merfolk impaler

Illustrated notes

Levels and vault maps discovered:
D:        linesprint [early_d, line_temple, items_1, d_10, items_2, lair_1,
          lair_end, items_3, orc_1, orc_end, items_4, d_15, swamp_1, shoals_1,
          snake_1, spider_1, d_20, vaults_1, items_5, swamp_end, shoals_end,
          snake_end, spider_end, vaults_end, d_27, items_6, zot_1, zot_end,
          crypt_end, forest_end, elf_end, slime_end, tomb_end, abyss_end,
          pan_hell_end]

Skill      XL: |  1  2  3  4  5  6  7  8  9 10 11 12 13 |
---------------+----------------------------------------+-----
Fighting       | 3 4 5 6 7 8 9 10 11 13 14 15 | 15.7
Axes           | 3 4 6 7 8 9 10 12 13 15 17 18 | 18.1
Armour         | 4 5 6 7 8 9 11 12 13 15 17 18 | 18.5
Shields        | 4 5 6 7 8 9 11 12 13 15 17 18 | 18.5
Invocations    | 4 6 8 10 12 14 17 18 | 18.9
Throwing       | 4 5 |  5.7
Dodging        | 2 |  2.9

Action                   |  1- 3 |  4- 6 |  7- 9 | 10-12 | 13-15 || total
-------------------------+-------+-------+-------+-------+-------++-------
Melee: War axe           |    46 |    18 |    57 |   297 |    50 ||   468
Throw: Javelin           |       |       |       |     2 |       ||     2
Invok: Major Destruction |       |       |       |    12 |     8 ||    20
       Greater Servant o |       |       |       |     1 |       ||     1
 Abil: Heal Wounds       |       |       |     3 |    13 |     1 ||    17
Evoke: Wand              |       |     2 |     3 |     1 |       ||     6
  Use: Potion            |     1 |     2 |     1 |     8 |     1 ||    13
       Scroll            |       |       |       |     1 |       ||     1
Armor: Scale mail        |    26 |       |       |       |       ||    26
       Chain mail        |       |     8 |    15 |    94 |       ||   117
       Plate armour      |       |       |       |    34 |    26 ||    60
Dodge: Dodged            |    27 |     2 |    15 |    58 |    10 ||   112
Block: Buckler           |    15 |     4 |    16 |    59 |       ||    94
       Tower shield      |       |       |       |    73 |    35 ||   108
